 Dungeon Crawl Stone Soup version 0.24.1-8-ga250c9d538 (webtiles) character file.

Game seed: 664692367521969893, levelgen mode: deterministic

91 Peloso the Skirmisher (level 4, -3/35 HPs)
             Began as a Demonspawn Fighter on May 7, 2020.
             Slain by an orc
             ... wielding a +0 war axe
              (6 damage)
             ... on level 3 of the Dungeon.
             The game lasted 00:02:39 (1795 turns).

Peloso the Skirmisher (Demonspawn Fighter)          Turns: 1795, Time: 00:02:40

Health: -3/35      AC:  6    Str: 17    XL:     4   Next: 34%
Magic:  4/4        EV:  7    Int: 15    God:
Gold:   130        SH:  9    Dex: 12    Spells: 3/3 levels left

rFire    . . .     SeeInvis .   a - +0 long sword
rCold    . . .     Gourm    .   c - +0 shield
rNeg     . . .     Faith    .   b - +0 scale mail
rPois    .         Spirit   .   (no helmet)
rElec    .         Reflect  .   (no cloak)
rCorr    .         Harm     .   (no gloves)
MR       .....                  (no boots)
Stlth    ..........             (no amulet)
HPRegen  0.11/turn              (no ring)
MPRegen  0.09/turn              (no ring)

@: brilliant
A: hooves 1, rot immunity
a: no special abilities


You were on level 3 of the Dungeon.
You were hungry.

You visited 1 branch of the dungeon, and saw 3 of its levels.

You collected 130 gold pieces.

Inventory:

Hand Weapons
 a - a +0 long sword (weapon)
Armour
 b - a +0 scale mail (worn)
 c - a +0 shield (worn)
Jewellery
 j - an uncursed ring of see invisible {unknown}
Scrolls
 g - a scroll of fear {unknown}
 h - a scroll of blinking {unknown}
 i - a scroll of enchant weapon {unknown}
 m - a scroll of remove curse {unknown}
Potions
 d - 3 potions of might
 e - a potion of resistance
 l - a potion of curing
Comestibles
 f - 3 rations


   Skills:
 + Level 3.3 Fighting
 + Level 3.0 Long Blades
 + Level 3.2 Armour
 + Level 0.2 Dodging
 + Level 3.2 Shields


You had 3 spell levels left.
You didn't know any spells.
Your spell library was empty.

Dungeon Overview and Level Annotations

Branches:
Dungeon (3/15)

Altars:


Innate Abilities, Weirdness & Mutations

You have large cloven feet.
You are immune to rotting.


Message History

The orc wizard hits you with a +0 dagger.
You block the orc wizard's attack.
You completely miss the orc wizard.
The orc wizard points at you and mumbles some strange words.
The magic dart hits you. The orc hits you with a +0 war axe.
The orc wizard hits you but does no damage.
You closely miss the orc wizard. The orc hits you with a +0 war axe.
* * * LOW HITPOINT WARNING * * *
The orc wizard hits you with a +0 dagger.
* * * LOW HITPOINT WARNING * * *
The orc wizard hits you with a +0 dagger.
* * * LOW HITPOINT WARNING * * *
You block the orc's attack.
The orc wizard miscasts a cantrip.
Found a stone staircase leading down.
It was a potion of brilliance.
You feel clever all of a sudden.
You closely miss the orc. Your kick misses the orc.
The orc hits you with a +0 war axe.
You die...

....... ### .......
#.. ....... ...
#...oo #.# #.oo###
#.# #oo.####.#
###...#..#
####.....########
#.@oo###........#
#...############..#
#.##....####.....##
.................##
#> #.............#
#. #....≈....≈...#
# #...)........##
###....≈≈.†..#
#....≈≈....#


You could see an orc wizard and an orc.

Vanquished Creatures
  2 adders (D:2)
  4 oozes (D:2)
  A worm (D:2)
  A dart slug (D:2)
  2 leopard geckos (D:2)
  An orc (D:3)
  4 bats
  3 giant cockroaches
  7 goblins
  3 hobgoblins
  2 jackals (D:3)
  4 kobolds
  A ball python (D:2)
  4 frilled lizards
  8 rats
47 creatures vanquished.

Notes
Turn   | Place    | Note
-------+----------+-------------------------------------------
     0 | D:1      | Peloso the Demonspawn Fighter began the quest for the Orb.
     0 | D:1      | Reached XP level 1. HP: 18/18 MP: 1/1
   466 | D:1      | Gained mutation: You have large cloven feet. [demonic
                  | ancestry]
   466 | D:1      | Reached XP level 2. HP: 16/24 MP: 2/2
   976 | D:2      | Reached XP level 3. HP: 23/29 MP: 3/3
  1344 | D:2      | Gained mutation: You are immune to rotting. [demonic
                  | ancestry]
  1344 | D:2      | Reached XP level 4. HP: 35/35 MP: 4/4
  1795 | D:3      | Slain by an orc

Levels and vault maps discovered:
D:1:      doesnt_arrival_eight_statues, layout_basic, minmay_misc_feat_columns,
          minmay_misc_feat_rugged
D:2:      layout_basic, item_on_display_a
D:3:      minmay_evil_eye, layout_rooms, marbit_many_paths, first_ration,
          skrybe_limestone_x, xom_redecorated, uniq_robin, uniq_ijyb,
          uniq_natasha

Skill      XL: |  1  2  3  4 |
---------------+-------------+-----
Long Blades    | 2 3 |  3.0
Shields        | 3 |  3.2
Armour         | 3 |  3.2
Fighting       | |  3.3
Dodging        | |  0.2

Action                   |  1- 3 |  4- 6 || total
-------------------------+-------+-------++-------
Melee: Long sword        |    92 |    39 ||   131
       Kick              |    16 |    12 ||    28
  Use: Potion            |     4 |     1 ||     5
  Eat: Chunk             |       |     2 ||     2
Armor: Scale mail        |    36 |    17 ||    53
Dodge: Dodged            |    22 |    12 ||    34
Block: Shield            |    45 |    19 ||    64
       Rpst.: Long sword |     4 |     4 ||     8
